 Dungeon Crawl Stone Soup version 0.20.1-1-g8b1a95d (webtiles) character file.

5671 mythicdarkflame the Blocker (level 10, -8/51 HPs)
             Began as a Vine Stalker Berserker on Sept 22, 2017.
             Was an Elder of Trog.
             Incinerated by coier's ghost (10 damage)
             ... with a sticky flame
             ... on level 9 of the Dungeon on Sept 23, 2017.
             The game lasted 00:42:07 (10090 turns).

mythicdarkflame the Blocker (VSBe)                 Turns: 10090, Time: 00:42:08

Health: -8/51      AC:  8    Str: 22    XL:     10   Next: 75%
Magic:  0/11       EV:  8    Int:  9    God:    Trog [****..]
Gold:   398        SH: 16    Dex: 13    Spells: 9/9 levels left

rFire    x . .     SeeInvis .   B - +2 dagger (holy)
rCold    + . .     Gourm    .   s - +0 large shield
rNeg     . . .     Faith    .   p - +0 scale mail
rPois    .         Spirit   +   (no helmet)
rElec    .         Reflect  .   O - scarf {Spirit}
rCorr    .         Harm     .   (no gloves)
MR       ++...                  I - +0 pair of boots {a}
Stlth    ..........             L - amulet of regeneration
Regen    1.0/turn               g - ring of protection from magic
MPRegen  0.2/turn               j - ring of ice

@: liquid flames, glowing, drained
A: fangs 3, regeneration 1, magic shield, antimagic bite, no potion heal 3, rot
immunity
a: Berserk, Trog's Hand, Brothers in Arms, Burn Spellbooks, Renounce Religion


You were on level 9 of the Dungeon.
You worshipped Trog.
Trog was greatly pleased with you.
You were not hungry.

You visited 2 branches of the dungeon, and saw 10 of its levels.

You collected 398 gold pieces.

Inventory:

Hand Weapons
 a - a +0 falchion
 B - a +2 dagger of holy wrath (weapon)
Missiles
 r - 211 stones (quivered)
Armour
 b - a +0 animal skin
 p - a +0 scale mail (worn)
 s - a +0 large shield (worn)
 I - a +0 pair of boots (worn) {a}
 O - a scarf of spirit shield (worn)
 S - a +0 cloak
Jewellery
 e - an uncursed ring of fire {unknown}
 g - a ring of protection from magic (left hand)
 h - an uncursed ring of resist corrosion
 j - a ring of ice (right hand)
 w - an uncursed ring of poison resistance {unknown}
 y - an uncursed ring of magical power {unknown}
 C - a cursed ring of wizardry {unknown}
 E - a +5 ring of evasion {unknown}
 J - an uncursed amulet of magic regeneration {unknown}
 L - an amulet of regeneration (around neck)
 M - an uncursed ring of flight {unknown}
Scrolls
 c - 2 scrolls of enchant weapon
 i - 2 scrolls of remove curse
 l - 6 scrolls of identify {unknown}
 n - 6 scrolls of teleportation {unknown}
 v - 2 scrolls of noise {unknown}
 x - 2 scrolls of fog {unknown}
 A - a scroll of fear {unknown}
 D - a scroll of blinking {unknown}
 F - a scroll of immolation {unknown}
 H - 4 scrolls of random uselessness {unknown}
 N - a scroll of enchant armour {unknown}
 R - a scroll of recharging {unknown}
Potions
 d - 2 potions of cancellation
 k - 2 potions of berserk rage {unknown}
 o - 4 potions of curing
 q - 2 potions of haste {unknown}
 t - 5 potions of might {unknown}
 u - a potion of invisibility {unknown}
 z - 3 potions of degeneration {unknown}
 G - 3 potions of mutation {unknown}
 K - a potion of brilliance {unknown}
 Q - a potion of agility {unknown}
 U - 2 potions of heal wounds {unknown}
 W - a potion of lignification {unknown}
 X - a potion of magic {unknown}
Comestibles
 T - 5 bread rations
 V - 2 meat rations


   Skills:
 + Level 5.5(4.6) Fighting
 + Level 5.6(5.5) Short Blades
 + Level 4.6(5.1) Long Blades
 + Level 5.9(5.0) Armour
 + Level 4.8(3.9) Dodging
 + Level 2.4(1.6) Stealth
 + Level 8.2(7.3) Shields


You had 9 spell levels left.
You didn't know any spells.

Dungeon Overview and Level Annotations

Branches:
Dungeon (9/15)             Temple (1/1) D:5            Lair (0/6) D:9
    Orc (0/2) D:9

Altars:
Ashenzari
Cheibriados
Dithmenos
Elyvilon
Fedhas
Gozag
Hepliaklqana
Kikubaaqudgha
Makhleb
Nemelex Xobeh
Okawaru
Qazlal
Ru
Sif Muna
Trog
Uskayaw
Vehumet
Xom
Yredelemnul
Zin
The Shining One

Annotations:
D:9 coier's ghost, novice DEFE


Innate Abilities, Weirdness & Mutations

You have razor-sharp teeth.
Your natural rate of healing is unusually fast.
When hurt, damage is shared between your health and your magic reserves.
Your bite disrupts and absorbs the magic of your enemies.
Potions cannot restore your health.
You are immune to rotting.


Message History

You are covered in liquid flames!
You miss coier's ghost. Your bite misses coier's ghost.
Coier's ghost is moderately damaged.
You are covered in liquid flames!
Coier's ghost sprays you with burning goo.
The sticky flame hits you!
You are covered in liquid flames!
You are covered in liquid flames!
Coier's ghost sprays you with burning goo.
The sticky flame hits you! The fire burns you terribly!
You are covered in liquid flames!
* * * LOW HITPOINT WARNING * * *
You are covered in liquid flames!
* * * LOW HITPOINT WARNING * * *
You are covered in liquid flames!
* * * LOW HITPOINT WARNING * * *
You have no ailments to cure.
It was a potion of cancellation.
You feel magically purged.
You are covered in liquid flames!
You die...

**************,,,,,,*......,,*
*,,,,,,,,...,,,,,,,,*......,,*
*,,,,,,,,....,,,,,,,*......,,*
*,,,,,,,.....########......,,*
*,,,,*,,P..................,,*
*,,,,,,,.P.................,,*
#........P...#.............,,*
#.......PP........W........,,*
...P........♣...@...#......,,*
.P....P......P......#.......,*
....................#......<.#
..P....>............#........#
....♣P....♣.........#........#
..P....P.♣.......)..#........#
#♣♣......P.♣........#........#
#.P..♣P.............#........#
#......P.P♣..................#


You could see coier's ghost.

Vanquished Creatures
  A two-headed ogre (D:8)
  The ghost of letownia the Martial Artist, a novice OpTm (D:6)
  A troll (D:9)
  Grinder (D:6)
  6 yaks (D:9)
  Menkaure (D:4)
  2 porcupines (D:9)
  An orc warrior (D:9)
  A sky beast (D:7)
  An ice beast (D:6)
  A black bear (D:7)
  2 phantoms (D:9)
  The ghost of killerx the Skirmisher, an amateur HOFi of the Shining One (D:3)
  2 ogres
  6 centaurs
  A crocodile (D:9)
  3 scorpions
  4 killer bees (D:8)
  3 wights (D:9)
  2 howler monkeys
  4 crimson imps
  A centaur zombie (D:7)
  A jelly (D:7)
  5 hounds
  Crazy Yiuf (D:7)
  4 orc priests
  An iron imp (D:5)
  Natasha (thrice) (D:4)
  A bullfrog skeleton (D:7)
  An iguana (D:5)
  6 orc wizards
  3 worker ants (D:5)
  A hound zombie (D:8)
  6 gnolls
  11 adders
  2 oozes
  2 adder skeletons
  An adder zombie (D:6)
  3 worms
  5 dart slugs
  5 leopard geckos
  24 orcs
  4 giant cockroaches
  7 goblins
  10 hobgoblins
  7 jackals
  10 quokkas
  A ball python (D:3)
  6 bats
  3 frilled lizards
  A giant cockroach zombie (D:6)
  7 kobolds
  10 rats
  A fungus (D:3)
  2 plants (D:3)
201 creatures vanquished.

Vanquished Creatures (others)
  A water moccasin skeleton (D:7)
  An adder skeleton (D:7)
  A fungus (D:9)
  6 plants (D:9)
9 creatures vanquished.

Grand Total: 210 creatures vanquished

Notes
Turn   | Place    | Note
-------+----------+-------------------------------------------
     0 | D:1      | mythicdarkflame the Vine Stalker Berserker began the quest for the Orb.
     0 | D:1      | Reached XP level 1. HP: 11/11 MP: 2/2
   150 | D:1      | Reached XP level 2. HP: 9/16 MP: 3/3
   467 | D:1      | Reached XP level 3. HP: 6/20 MP: 1/4
  1112 | D:2      | Found a hide-covered altar of Uskayaw.
  1120 | D:2      | Reached ** piety under Trog
  1200 | D:2      | Gained mutation: Your natural rate of healing is unusually fast. [Vine Stalker growth]
  1200 | D:2      | Reached XP level 4. HP: 4/24 MP: 1/5
  1349 | D:2      | Reached skill level 1 in Stealth
  1414 | D:2      | Found a shimmering altar of Xom.
  1568 | D:2      | Found a sparkling altar of Nemelex Xobeh.
  1600 | D:2      | Reached XP level 5. HP: 20/28 MP: 6/6
  1877 | D:3      | Found a white marble altar of Elyvilon.
  2064 | D:3      | Noticed killerx's ghost (amateur HOFi)
  2094 | D:3      | Killed killerx's ghost
  2094 | D:3      | Reached skill level 1 in Shields
  2094 | D:3      | Reached XP level 6. HP: 19/33 MP: 4/7
  2163 | D:3      | Found a blossoming altar of Fedhas.
  2722 | D:3      | Reached *** piety under Trog
  3148 | D:4      | Reached skill level 2 in Shields
  3148 | D:4      | Reached XP level 7. HP: 37/37 MP: 8/8
  3199 | D:4      | Noticed Menkaure
  3213 | D:4      | Killed Menkaure
  3213 | D:4      | Reached skill level 1 in Short Blades
  3272 | D:4      | Noticed Natasha
  3281 | D:4      | Killed Natasha
  3411 | D:4      | Noticed Natasha
  3422 | D:4      | Killed Natasha
  3672 | D:4      | Noticed Natasha
  3681 | D:4      | Killed Natasha
  3681 | D:4      | Reached skill level 3 in Shields
  3705 | D:5      | Entered Level 5 of the Dungeon
  3886 | D:5      | Gained mutation: You have razor-sharp teeth. [Vine Stalker growth]
  3886 | D:5      | Reached XP level 8. HP: 22/42 MP: 5/9
  3959 | D:5      | Found a staircase to the Ecumenical Temple.
  4000 | Temple   | Entered the Ecumenical Temple
  4129 | D:5      | Found a snail-covered altar of Cheibriados.
  4140 | D:5      | Found a glowing golden altar of the Shining One.
  4221 | D:5      | Reached **** piety under Trog
  4239 | D:5      | Found a burning altar of Makhleb.
  4507 | D:5      | Reached skill level 4 in Shields
  4998 | D:6      | Noticed letownia's ghost (novice OpTm)
  5013 | D:6      | Killed letownia's ghost
  5025 | D:6      | Reached XP level 9. HP: 33/46 MP: 10/10
  5041 | D:6      | Reached skill level 5 in Shields
  5183 | D:6      | Noticed Grinder
  5193 | D:6      | Killed Grinder
  5462 | D:6      | Found a sacrificial altar of Ru.
  6842 | D:7      | Reached skill level 6 in Shields
  7009 | D:7      | Found a runed door.
  7013 | D:7      | Noticed Crazy Yiuf
  7020 | D:7      | Killed Crazy Yiuf
  7172 | D:7      | Found a bloodstained altar of Trog.
  7720 | D:8      | Reached skill level 5 in Fighting
  7720 | D:8      | Reached skill level 5 in Armour
  7747 | D:8      | Noticed a two-headed ogre
  7748 | D:8      | Found an opulent altar of Gozag.
  7797 | D:8      | Killed a two-headed ogre
  7797 | D:8      | Reached skill level 5 in Short Blades
  7797 | D:8      | Reached skill level 7 in Shields
  7797 | D:8      | Reached XP level 10. HP: 15/51 MP: 7/11
  9369 | D:9      | Found a staircase to the Orcish Mines.
  9622 | D:9      | Found a staircase to the Lair.
  9784 | D:9      | Reached skill level 8 in Shields
  9923 | D:9      | Found an iron altar of Okawaru.
 10003 | D:9      | Found a blossoming altar of Fedhas.
 10074 | D:9      | Noticed coier's ghost (novice DEFE)
 10089 | D:9      | HP: 1/51 [burnt (4)]
 10090 | D:9      | Incinerated by coier's ghost

Skill      XL: |  1  2  3  4  5  6  7  8  9 10 |
---------------+-------------------------------+-----
Long Blades    | 3 4 |  4.6
Fighting       | 3 4 5 |  5.5
Stealth        | 1 2 |  2.4
Dodging        | 2 3 4 |  4.8
Armour         | 2 3 4 5 |  5.9
Shields        | 1 2 3 4 7 8 |  8.2
Short Blades   | 2 3 5 |  5.6

Action                   |  1- 3 |  4- 6 |  7- 9 | 10-12 || total
-------------------------+-------+-------+-------+-------++-------
Melee: Falchion          |    71 |   183 |       |     5 ||   259
       Bite              |    18 |   110 |   223 |   105 ||   456
       Dagger            |       |    85 |   575 |   270 ||   930
Invok: Berserk           |     1 |     1 |     1 |     1 ||     4
       Trog's Hand       |     2 |       |     2 |     1 ||     5
       Burn Spellbooks   |       |       |     1 |     1 ||     2
  Use: Scroll            |       |       |       |     3 ||     3
       Potion            |       |       |       |     1 ||     1
 Stab: Sleeping          |     1 |     1 |       |       ||     2
  Eat: Chunk             |     2 |     1 |     1 |       ||     4
       Bread ration      |     1 |       |     1 |       ||     2
       Meat ration       |       |     2 |       |     1 ||     3
       Fruit             |       |       |     2 |       ||     2
       Royal jelly       |       |       |     1 |     4 ||     5
Armor: Animal skin       |     6 |       |       |       ||     6
       Scale mail        |       |    87 |   136 |    48 ||   271
Dodge: Dodged            |    50 |    44 |   108 |    66 ||   268
Block: Large shield      |       |   127 |   391 |   205 ||   723
       Rpst.: Falchion   |    18 |    11 |       |       ||    29
